 Dungeon Crawl Stone Soup version 0.30-a0-728-gc68057be0a (webtiles) character file.

Game seed: 2901867824265137257

5638 vineage the Basher (level 10, -7/102 HPs)
             Began as a Gargoyle Fighter on Jan 30, 2023.
             Mangled by a vault guard
             ... wielding a +0 broad axe
              (17 damage)
             ... in a bailey.
             The game lasted 00:11:43 (6865 turns).

vineage the Basher (Gargoyle Fighter)               Turns: 6865, Time: 00:11:44

Health: -7/102     AC: 25    Str: 21    XL:     10   Next: 74%
Magic:  0/10       EV:  2    Int: 10    God:
Gold:   375        SH:  6    Dex: 17    Spells: 9/9 levels left

rFire   . . .      SeeInvis .    z - +2 whip (vamp)
rCold   + . .      Faith    .    c - +0 buckler
rNeg    + . .      Spirit   +    (body armour currently unavailable)
rPois   ∞          Reflect  .    (helmet currently unavailable)
rElec   .          Harm     .    (cloak currently unavailable)
rCorr   .          Rampage  .    (gloves currently unavailable)
Will    .....      NoTele   +    (boots currently unavailable)
Stlth   ++                       q - amulet of guardian spirit
HPRegen 0.37/turn                x - +6 ring of dexterity
MPRegen 0.12/turn                u - ring of protection from cold

@: tree-form
A: stationary, stasis, torment immunity, boosted hp, sickness immunity, AC +7,
negative energy resistance 1, (electricity resistance), torment resistance 1,
petrification resistance, MP-powered wands
a: no special abilities


You were in a bailey.
You were a tree.
You visited 2 branches of the dungeon, and saw 9 of its levels.
You also visited: Bailey.

You collected 375 gold pieces.

Inventory:

Hand Weapons
 a - a +1 flail
 d - a +0 whip of freezing
 z - a +2 vampiric whip (weapon)
Armour
 c - a +0 buckler (worn)
 e - a +0 chain mail (melded)
 l - a +2 cloak of preservation (melded)
 r - a +1 helmet (melded)
 C - a +0 pair of boots (melded)
Jewellery
 b - a ring of magical power
 q - an amulet of guardian spirit (around neck)
 u - a ring of protection from cold (right branch)
 x - a +6 ring of dexterity (left branch)
Wands
 k - a wand of roots (3)
 v - a wand of digging (8)
 y - a wand of polymorph (13)
Scrolls
 g - 2 scrolls of fog
 n - 3 scrolls of enchant weapon
 o - a scroll of identify
 t - 2 scrolls of summoning
 A - a scroll of teleportation
 B - a scroll of enchant armour
Potions
 i - a potion of magic
 j - a potion of mutation
 m - a potion of might
 p - 4 potions of brilliance
 s - 4 potions of attraction


   Skills:
 + Level 10.2 Fighting
 + Level 12.1 Maces & Flails
 + Level 5.1 Armour
 + Level 5.1 Shields


You had 9 spell levels left.
You didn't know any spells.
Your spell library contained the following spells:

 Spells                   Type           Power      Damage    Failure   Level
 Sandblast                Erth           0%         2d4       43%         1
 Passwall                 Tmut/Erth      0%         N/A       58%         2
 Stone Arrow              Conj/Erth      0%         3d7       82%         3
 Airstrike                Air            0%         2d(0-16)  99%         4
 Animate Armour           Summ/Erth      0%         N/A       99%         4
 Olgreb's Toxic Radiance  Pois           0%         N/A       99%         4
 Summon Lightning Spire   Summ/Air       0%         N/A       99%         4
 Blade Hands              Tmut           0%         N/A       100%        5
 Lightning Bolt           Conj/Air       0%         1d11      100%        5
 Iron Shot                Conj/Erth      0%         9d1       100%        6
 Ozocubu's Refrigeration  Ice            0%         4d7       100%        7
 Borgnjor's Revivificati  Necr           0%         N/A       100%        8
 Ignition                 Fire           0%         3d3       100%        8
 Necromutation            Tmut/Necr      0%         N/A       100%        8
 Death's Door             Necr           0%         N/A       100%        9


Dungeon Overview and Level Annotations

Branches:
Dungeon (8/15)             Temple (1/1) D:5          Bailey (1/1)
   Lair: D:8-11

Altars:
Ashenzari
Dithmenos
Elyvilon
Fedhas
Gozag
Hepliaklqana
Kikubaaqudgha
Makhleb
Nemelex Xobeh
Qazlal
Ru
Sif Muna
Uskayaw
Vehumet
Wu Jian
Xom
Yredelemnul
Zin

Shops:
D:4 [=   D:5 [


Innate Abilities, Weirdness & Mutations

You are a tree.
Your roots penetrate the ground, keeping you stationary.
You cannot be teleported.
You are immune to unholy pain and torment.
Your maximum health is greatly increased.
Your equipment is partially melded.
You are immune to sickness and miasma.
((Your stone body is resilient. (AC +7)))
You are immune to poison.
You resist negative energy. (rN+)
((You are resistant to electric shocks. (rElec)))
You are resistant to unholy torment.
You are immune to petrification.
You expend magic power (3 MP) to strengthen your wands.


Message History

You barely miss the vault guard.
The vault guard is severely wounded.
You closely miss the vault guard.
The vault guard is severely wounded.
The vault guard hits you with a +0 broad axe!
* * * LOW HITPOINT WARNING * * *
You closely miss the vault guard.
The vault guard is severely wounded.
You completely miss the vault guard.
The vault guard is severely wounded.
You block the vault guard's attack.
You hit the vault guard but do no damage.
The vault guard is severely wounded.
The vault guard hits you with a +0 broad axe!
* * * LOW HITPOINT WARNING * * *
You completely miss the vault guard.
The vault guard is severely wounded.
You hit the vault guard.
You feel better.
The vault guard is severely wounded.
The vault guard hits you but does no damage.
You barely miss the vault guard.
The vault guard is severely wounded.
You hit the vault guard.
You feel better.
The vault guard is severely wounded.
The vault guard hits you with a +0 broad axe!!
* * * LOW HITPOINT WARNING * * *
You feel much better.
The vault guard hits you with a +0 broad axe!
* * * LOW HITPOINT WARNING * * *
You completely miss the vault guard.
The vault guard is severely wounded.
You hit the vault guard but do no damage.
The vault guard is severely wounded.
You block the vault guard's attack.
You whack the vault guard!
The vault guard is almost dead.
You barely miss the vault guard.
The vault guard is almost dead.
The vault guard hits you with a +0 broad axe!
You die...

####≈~.≈##≈##...
#~F?#≈~))≈≈~≈#...
~p.?#≈~..~~~≈##..
##~..##≈~...~~~≈#.#
#~.. #≈~~...~~~≈###
#.. ##≈~....~~~≈#
#'###≈~.....~~~≈#
#p≈≈≈~..~...~~~≈#
##♣........~~~≈##
#~~~.....~.~~≈#
##~~~##'##~~≈##
##~##...##≈##
###.....### #..∩..#
#.....# #.....#
#.....#


You could see a vault guard.

Vanquished Creatures
  A vault guard (Bailey)
  Erica (D:8)
  Pikel (D:4)
  Prince Ribbit (Bailey)
  7 humans (Bailey)
  An orc warrior (Bailey)
  2 ice beasts
  A black bear (D:5)
  A sky beast (D:7)
  2 ogres
  3 kobold brigands
  12 bullfrogs
  Blork the orc (D:6)
  2 scorpions (D:6)
  4 wights (D:7)
  3 hounds
  2 orc priests (D:5)
  Jessica (D:3)
  Natasha (thrice) (D:3)
  Terence (D:2)
  5 iguanas
  Robin (D:3)
  2 gnolls (Bailey)
  10 adders
  A shadow imp (D:5)
  A white imp (D:7)
  2 worms (D:2)
  3 dart slugs
  3 orcs
  5 ball pythons
  5 endoplasms
  6 giant cockroaches
  12 goblins
  17 hobgoblins
  19 kobolds
  A quokka (D:2)
  8 bats
  4 frilled lizards
  10 rats
165 creatures vanquished.

Vanquished Creatures (collateral kills)
  An orc warrior (D:5)
  A black bear (D:5)
  An adder (D:5)
  3 orcs (D:5)
6 creatures vanquished.

Grand Total: 171 creatures vanquished

Notes
Turn   | Place    | Note
-------+----------+-------------------------------------------
     0 | D:1      | vineage the Gargoyle Fighter began the quest for the Orb.
     0 | D:1      | Reached XP level 1. HP: 14/14 MP: 1/1
    84 | D:1      | Reached XP level 2. HP: 19/19 MP: 2/2
   488 | D:1      | Reached XP level 3. HP: 23/23 MP: 3/3
   737 | D:2      | Reached skill level 3 in Maces & Flails
  1029 | D:2      | Reached XP level 4. HP: 29/29 MP: 4/4
  1108 | D:2      | Found a basalt altar of Yredelemnul.
  1134 | D:2      | Identified the +1 dagger "Ulodotum" {flame, rF+}
  1169 | D:2      | Noticed Terence
  1187 | D:2      | Killed Terence
  1285 | D:2      | You fall into a shaft and drop 1 floor!
  1552 | D:3      | Noticed Robin
  1566 | D:3      | Killed Robin
  1567 | D:3      | Reached skill level 4 in Maces & Flails
  1567 | D:3      | Reached XP level 5. HP: 27/33 MP: 5/5
  1762 | D:3      | Noticed Natasha
  1767 | D:3      | Killed Natasha
  1936 | D:3      | Noticed Natasha
  1941 | D:3      | Killed Natasha
  2004 | D:3      | Noticed a kobold brigand
  2023 | D:3      | Killed a kobold brigand
  2024 | D:3      | Reached skill level 5 in Maces & Flails
  2024 | D:3      | Reached XP level 6. HP: 20/40 MP: 6/6
  2309 | D:3      | Noticed Natasha
  2310 | D:3      | Noticed Jessica
  2318 | D:3      | Killed Natasha
  2319 | D:3      | Reached skill level 5 in Fighting
  2329 | D:3      | Killed Jessica
  2574 | D:4      | Reached XP level 7. HP: 43/44 MP: 7/7
  2639 | D:4      | Found Nopia's Jewellery Shop.
  2667 | D:4      | Found Dokodor's Armour Shoppe.
  2777 | D:4      | Reached skill level 6 in Maces & Flails
  2917 | D:4      | Noticed Pikel
  3013 | D:4      | Killed Pikel
  3014 | D:4      | Reached skill level 7 in Maces & Flails
  3014 | D:4      | Reached XP level 8. HP: 10/52 MP: 8/8
  3330 | D:5      | Entered Level 5 of the Dungeon
  3368 | D:5      | Found Annuif Leja's Antique Armour Emporium.
  3428 | D:5      | Reached skill level 8 in Maces & Flails
  3491 | D:5      | HP: 2/53 [orc priest/divine providence (14)]
  3497 | D:5      | HP: 1/53 [orc priest/divine providence (14)]
  3831 | D:5      | Found a staircase to the Ecumenical Temple.
  3844 | Temple   | Entered the Ecumenical Temple
  4072 | D:5      | Found a hazy altar of Hepliaklqana.
  4085 | D:5      | Reached skill level 9 in Maces & Flails
  4419 | D:6      | Found a broken altar of Ashenzari.
  4423 | D:6      | Noticed Blork the orc
  4435 | D:6      | Killed Blork the orc
  4436 | D:6      | Reached XP level 9. HP: 49/58 MP: 6/9
  5080 | D:7      | Reached skill level 10 in Maces & Flails
  5615 | D:7      | Found a stormy altar of Qazlal.
  5813 | D:8      | Noticed Erica
  5843 | D:8      | Killed Erica
  5844 | D:8      | Reached skill level 11 in Maces & Flails
  5884 | D:8      | Found a flagged portal.
  5896 | Bailey   | Entered a bailey
  5961 | Bailey   | Reached XP level 10. HP: 43/66 MP: 6/10
  6166 | Bailey   | Noticed Prince Ribbit
  6177 | Bailey   | Noticed a vault guard
  6261 | Bailey   | HP: 5/102 [vault guard/+0 broad axe (3)]
  6274 | Bailey   | Killed a vault guard
  6275 | Bailey   | Reached skill level 10 in Fighting
  6288 | Bailey   | Killed Prince Ribbit
  6289 | Bailey   | Reached skill level 12 in Maces & Flails
  6652 | Bailey   | Reached skill level 5 in Armour
  6652 | Bailey   | Reached skill level 5 in Shields
  6803 | Bailey   | Noticed a vault guard
  6806 | Bailey   | Gained mutation: You expend magic power (3 MP) to
                  | strengthen your wands. [potion of mutation]
  6860 | Bailey   | HP: 1/102 [vault guard/+0 broad axe (18)]
  6865 | Bailey   | Mangled by a vault guard

Illustrated notes

Levels and vault maps discovered:
D:1:      dpeg_arrival_simpleton_b, layout_basic
D:2:      layout_basic, basic_altar, uniq_terence
D:3:      cheibrodos_thug_alley, layout_basic, uniq_robin, uniq_jessica,
          uniq_natasha
D:4:      layout_cave_pools, serial_shops, nicolae_lakefront_shop,
          nicolae_shop_crystal, minmay_hedge_maze, uniq_pikel
D:5:      layout_cave_pools, general_overflow_altar, minmay_temple_entry_arrows,
          serial_shops, shop, serial_park_tiny_pond
D:6:      layout_rooms, mainiacjoe_overflow_brackets, uniq_blork_the_orc
D:7:      layout_basic, nicolae_qazlal_style_of_elements
D:8:      layout_basic, pf_just_have_faith,
          ploomutoo_gammafunk_ghost_potion_laboratory, enter_bailey_2,
          serial_shops, shop, hangedman_decor_growths, uniq_amaemon, uniq_erica
Temple:   compressed_dpeg_circular_temple
Bailey:   bailey_axe_froggy_fort_hellmonk, bailey

Skill      XL: |  1  2  3  4  5  6  7  8  9 10 |
---------------+-------------------------------+-----
Maces & Flails | 3 4 5 7 9 11 12 | 12.1
Fighting       | 4 5 6 7 9 10 | 10.2
Armour         | 5 |  5.1
Shields        | 5 |  5.1

Action                     |  1- 3 |  4- 6 |  7- 9 | 10-12 || total
---------------------------+-------+-------+-------+-------++-------
  Melee: Flail             |   118 |   165 |    53 |       ||   336
         Whip              |       |       |   447 |   374 ||   821
    Use: Scroll            |     5 |     3 |    14 |       ||    22
         Potion            |       |       |     6 |    10 ||    16
   Stab: Invisible         |       |       |     8 |     2 ||    10
 Armour: Chain mail        |    82 |   128 |   331 |   107 ||   648
         Scale mail        |     1 |       |       |       ||     1
         Skin              |       |       |       |    22 ||    22
  Dodge: Dodged            |    60 |    70 |   184 |    53 ||   367
  Block: Buckler           |    32 |    34 |   117 |    63 ||   246

Table legend: (Time is in decaauts)
 A = Elapsed time spent in this place.
 B = Non-inter-level travel time spent in this place.
 C = Inter-level travel time spent in this place.
 D = Time resting spent in this place.
 E = Time spent auto-exploring this place.
 F = Levels seen in this place.
 G = Mean time per level.
                   A        B        C        D        E       F      G
               +--------+--------+--------+--------+--------+-----+--------+
         Total |   6662 |   6271 |    391 |   1170 |   3565 |  10 |  666.2 |
       Dungeon |   5791 |   5417 |    374 |    834 |   3373 |   8 |  723.9 |
        Temple |     79 |     62 |     17 |      0 |     51 |   1 |   79.0 |
        Bailey |    791 |    791 |      0 |    335 |    141 |   1 |  791.0 |
               +--------+--------+--------+--------+--------+-----+--------+

Top non-repeatable levels by time:
     D:3: 1060 daAuts
     D:5: 966 daAuts
     D:4: 808 daAuts
  Bailey: 791 daAuts
     D:2: 787 daAuts
     D:7: 759 daAuts
     D:1: 754 daAuts
     D:6: 564 daAuts
     D:8: 90 daAuts
  Temple: 79 daAuts
